[Event "Titled Tuesday Blitz May 03 Early 2022"]
[White "Tasev, Dejan"]
[Black "Menna Barreto, Felipe Kubiaki"]
[WhiteFideId "936618"]
[BlackFideId "2119757"]
[WhiteElo "2253"]
[BlackElo "2261"]
[Result "1-0"]
[Round "01"]
[TimeControl "180+1"]
[Date "2022.05.03"]
[WhiteClock "0:00:55"]
[BlackClock "0:01:35"]

1. e4 c5 2. Nf3 e6 3. b3 d5 4. exd5 exd5 5. Bb5+ Bd7 6. Bxd7+ Qxd7 7. O-O Nf6 8. Bb2 Be7 9. Re1 O-O 10. d3 Nc6 11. Nbd2 Rfe8 12. Nf1 d4 13. Ng3 Nd5 14. Qd2 Bf8 15. Rxe8 Rxe8 16. Re1 Rxe1+ 17. Qxe1 g6 18. a3 a5 19. Bc1 Qe7 20. Qxe7 Bxe7 21. a4 f5 22. Ne2 Ncb4 23. Ne1 Kf7 24. Nf4 Bd6 25. Nxd5 Nxd5 26. Bd2 b6 27. g3 Kf6 28. Nf3 f4 29. g4 g5 30. h3 h6 31. Kg2 Kg6 32. Be1 Nf6 33. Nd2 h5 34. Ne4 Nxe4 35. dxe4 hxg4 36. hxg4 Kf6 37. f3 Be5 38. Kf1 Ke6 39. Ke2 c4 40. bxc4 Kd6 41. Kd3 Kc5 42. c3 Bf6 43. Bf2 Kc6 44. cxd4 Kd6 45. e5+ 1-0


[Site "https://www.chess.com"]

[Event "Titled Tuesday Blitz May 03 Early 2022"]
[White "Terry, Renato"]
[Black "Bartel, Michal"]
[WhiteFideId "3803457"]
[BlackFideId "1119257"]
[WhiteElo "2577"]
[BlackElo "2211"]
[Result "1/2-1/2"]
[Round "01"]
[TimeControl "180+1"]
[Date "2022.05.03"]
[WhiteClock "0:00:18"]
[BlackClock "0:00:23"]

1. e4 e5 2. Nf3 Nc6 3. c3 Nf6 4. d4 Nxe4 5. d5 Ne7 6. Nxe5 Ng6 7. Nxg6 hxg6 8. Bd3 Nc5 9. O-O Nxd3 10. Qxd3 Be7 11. Nd2 d6 12. Nf3 a6 13. Re1 Bf5 14. Qe2 Kf8 15. Nd4 Bd7 16. Bf4 Bf6 17. Rad1 Kg8 18. h3 Rh5 19. Nf3 Bb5 20. c4 Bd7 21. b3 Qf8 22. Nd2 Re8 23. Qd3 Rf5 24. Bg3 Be5 25. Bxe5 Rfxe5 26. Rxe5 Rxe5 27. Nf3 Re7 28. Qd2 Qe8 29. Nd4 Re4 30. f3 Re5 31. Qf2 Qe7 32. Kh2 g5 33. Rd2 g6 34. Nc2 Bf5 35. Nd4 Kg7 36. f4 gxf4 37. Qxf4 Bd7 38. Nf3 Re2 39. Qd4+ Kg8 40. Rxe2 Qxe2 41. Qf6 Qe8 42. g4 b5 43. Kg3 bxc4 44. bxc4 Ba4 45. Kf4 Bd1 46. Ng5 Bc2 47. h4 Bd3 48. h5 gxh5 49. gxh5 Bxc4 50. h6 Qe5+ 51. Qxe5 dxe5+ 52. Kxe5 Bxa2 53. Kd4 f6 54. Ne4 Kh7 55. Nxf6+ Kxh6 56. Ne8 Bxd5 57. Kxd5 a5 58. Nxc7 a4 59. Nb5 a3 60. Nxa3 1/2-1/2


[Site "https://www.chess.com"]

[Event "Titled Tuesday Blitz May 03 Early 2022"]
[White "Thybo, Jesper Sondergaard"]
[Black "Ismayil, Malak"]
[WhiteFideId "1438832"]
[BlackFideId "13412604"]
[WhiteElo "2752"]
[BlackElo "2436"]
[Result "1-0"]
[Round "01"]
[TimeControl "180+1"]
[Date "2022.05.03"]
[WhiteClock "0:00:49"]
[BlackClock "0:00:51"]

1. Nf3 Nf6 2. b3 d6 3. Bb2 e5 4. c4 Nc6 5. g3 Be7 6. Bg2 O-O 7. O-O Bg4 8. h3 Bh5 9. d4 Bxf3 10. Bxf3 e4 11. Bg2 d5 12. Nc3 dxc4 13. d5 Ne5 14. Nxe4 Nxe4 15. Bxe5 Nd6 16. Bxd6 Qxd6 17. bxc4 Rad8 18. Kh2 f5 19. e3 b6 20. Qa4 a5 21. Rad1 h5 22. Qc6 Qxc6 23. dxc6 Bd6 24. h4 Kf7 25. Rd5 Kf6 26. Rfd1 g6 27. e4 fxe4 28. Bxe4 Rfe8 29. f3 Re5 30. Rxe5 Kxe5 31. Bxg6 Rg8 32. Bxh5 Kf6 33. Bg4 Ke5 34. Rd5+ Kf6 35. Rxd6+ cxd6 36. c7 1-0


[Site "https://www.chess.com"]

[Event "Titled Tuesday Blitz May 03 Early 2022"]
[White "Todorovic, Bojan"]
[Black "Mirzoev, Azer"]
[WhiteFideId "917087"]
[BlackFideId "13400304"]
[WhiteElo "2266"]
[BlackElo "2525"]
[Result "0-1"]
[Round "01"]
[TimeControl "180+1"]
[Date "2022.05.03"]
[WhiteClock "0:00:01"]
[BlackClock "0:00:13"]

1. d4 d5 2. c4 e6 3. Nc3 c6 4. e3 f5 5. Bd3 Nf6 6. Nge2 Bd6 7. h3 O-O 8. Qc2 Na6 9. a3 Nc7 10. Bd2 Ne4 11. g3 Nxd2 12. Qxd2 b6 13. O-O-O Bb7 14. Nf4 Qf6 15. Kb1 Kh8 16. cxd5 cxd5 17. Nce2 a5 18. g4 b5 19. gxf5 exf5 20. Rdg1 Rf7 21. h4 b4 22. a4 Bc6 23. b3 Ne6 24. Nxe6 Qxe6 25. h5 Qf6 26. Rg6 Qd8 27. Rgg1 Rc8 28. Ng3 Qd7 29. f4 Bb7 30. Rc1 Rxc1+ 31. Rxc1 Qe6 32. h6 gxh6 33. Nh5 Qg6 0-1


[Site "https://www.chess.com"]

[Event "Titled Tuesday Blitz May 03 Early 2022"]
[White "Toncheva, Nadya"]
[Black "Obolenskikh, Dmitry"]
[WhiteFideId "2924056"]
[BlackFideId "4156013"]
[WhiteElo "2475"]
[BlackElo "2823"]
[Result "0-1"]
[Round "01"]
[TimeControl "180+1"]
[Date "2022.05.03"]
[WhiteClock "0:00:05"]
[BlackClock "0:00:41"]

1. e4 e5 2. Nf3 Nc6 3. Bb5 a6 4. Ba4 Nf6 5. O-O Be7 6. Re1 b5 7. Bb3 d6 8. c3 O-O 9. h3 Nb8 10. a4 Bb7 11. d3 Nbd7 12. Nbd2 c5 13. Nf1 Qc7 14. Ng3 g6 15. Bh6 Rfe8 16. Nh2 d5 17. Ng4 Nxg4 18. Qxg4 Nf6 19. Qe2 c4 20. Bc2 dxe4 21. Nxe4 Nxe4 22. dxe4 Bf8 23. Be3 Red8 24. Rad1 Bc6 25. h4 Qb7 26. Bc1 Qe7 27. h5 Qh4 28. hxg6 hxg6 29. g3 Qh3 30. Qf1 Qxf1+ 31. Kxf1 bxa4 32. Bg5 Rxd1 33. Rxd1 a3 34. bxa3 Bxa3 35. Bf6 a5 36. Ke2 Bf8 37. Bxe5 a4 38. f4 a3 39. Ra1 Ra7 40. Bd4 Rb7 41. Rh1 Bg7 42. Ra1 Rb2 43. Kd1 Bxd4 44. cxd4 a2 45. Kc1 c3 46. Bd3 Rg2 0-1


[Site "https://www.chess.com"]

[Event "Titled Tuesday Blitz May 03 Early 2022"]
[White "Urazayev, Arystanbek"]
[Black "Prohorov, Olexandr"]
[WhiteFideId "13709810"]
[BlackFideId "14105578"]
[WhiteElo "2803"]
[BlackElo "2463"]
[Result "0-1"]
[Round "01"]
[TimeControl "180+1"]
[Date "2022.05.03"]
[WhiteClock "0:00:13"]
[BlackClock "0:00:07"]

1. e4 c5 2. Nf3 e6 3. d4 cxd4 4. Nxd4 Qb6 5. Nc3 Bc5 6. Na4 Qa5+ 7. c3 Bxd4 8. Qxd4 Nf6 9. b3 Nc6 10. Qe3 O-O 11. Bd2 d5 12. c4 Qc7 13. exd5 exd5 14. Qg3 Re8+ 15. Kd1 Qd8 16. f3 dxc4 17. Bxc4 Bf5 18. Re1 Qd4 19. Nc3 Red8 20. Qg5 Nb4 21. Kc1 Nd3+ 22. Kd1 Nxe1 23. Kxe1 Re8+ 24. Kd1 Rad8 25. Kc1 h6 26. Qf4 Qxf4 27. Bxf4 Re1+ 28. Kb2 Rxa1 29. Kxa1 a6 30. a4 g5 31. Be3 Be6 32. Be2 Bxb3 33. Kb2 Be6 34. Ka3 Nd5 35. Nxd5 Rxd5 36. Bb6 Rd2 37. Bf1 Kg7 38. a5 f5 39. Kb4 Kf6 40. Kc3 Ra2 41. Bd3 Rxg2 42. Bc7 Bd5 43. f4 gxf4 44. Bxf4 Bc6 45. Kd4 Rg4 46. Ke3 Rg8 47. Bxh6 Rh8 48. Bf4 Rh3+ 49. Kd4 Rf3 50. Be5+ Kg5 51. Be2 Rf2 52. Bd3 Ra2 53. Bc7 Ra4+ 54. Ke5 f4 55. Bf5 f3 56. Bd8+ Kh6 57. Bh4 Ra2 58. Kf6 f2 59. Bg5+ Kh5 0-1


[Site "https://www.chess.com"]

[Event "Titled Tuesday Blitz May 03 Early 2022"]
[White "Urbina Perez, Juan Antonio"]
[Black "Hansen, Eric"]
[WhiteFideId "2217368"]
[BlackFideId "2606771"]
[WhiteElo "2192"]
[BlackElo "2568"]
[Result "0-1"]
[Round "01"]
[TimeControl "180+1"]
[Date "2022.05.03"]
[WhiteClock "0:00:15"]
[BlackClock "0:00:09"]

1. e4 c5 2. Nf3 e6 3. c3 Nf6 4. e5 Nd5 5. g3 Nc6 6. Bg2 Be7 7. O-O O-O 8. Re1 d6 9. exd6 Bxd6 10. d4 h6 11. dxc5 Bxc5 12. Nbd2 Qc7 13. Nb3 Be7 14. Qe2 b6 15. Nfd4 Nxd4 16. Nxd4 Bf6 17. Be3 Bb7 18. Rac1 a6 19. c4 Ne7 20. b3 Bxg2 21. Kxg2 Rfd8 22. Red1 Rd7 23. Nf3 Rad8 24. Rxd7 Rxd7 25. Rd1 Rxd1 26. Qxd1 Nf5 27. Qd3 Qc6 28. Bd2 g5 29. h3 h5 30. Kg1 g4 31. hxg4 hxg4 32. Nh2 Nd4 33. Bc3 e5 34. Bxd4 exd4 35. Nxg4 Bg7 36. f3 Qd6 37. Kg2 a5 38. Nf2 Qa3 39. Qd2 Qe7 40. Nd3 Qe6 41. Qe1 Qf5 42. Qe4 Qf6 43. Qe8+ Bf8 44. Qe4 Bd6 45. Qg4+ Kf8 46. Qc8+ Kg7 47. Qg4+ Kf8 48. Qc8+ Kg7 49. Qg4+ Kh6 50. Qh4+ Qxh4 51. gxh4 Kh5 52. Kh3 f5 53. a4 Kg6 54. Kg2 Kh5 55. Kh3 Kg6 56. f4 Kh5 57. Kg3 Bc7 58. Nf2 Bd8 59. Nd3 Bxh4+ 60. Kf3 Be7 61. Ne5 Bc5 62. Nd7 Kg6 63. Ne5+ Kg7 64. Nd3 Kf6 65. Ne5 Ke6 66. Nd3 Bd6 67. Ne1 Kf6 68. Nd3 Kg6 69. Ne1 Kh5 70. Nd3 Kh4 71. Ne5 Bxe5 72. fxe5 Kg5 73. Ke2 f4 74. Kd3 f3 75. b4 axb4 76. c5 bxc5 77. a5 b3 78. a6 b2 79. Kc2 b1=Q+ 80. Kxb1 f2 81. a7 f1=Q+ 82. Kb2 Qb5+ 0-1


[Site "https://www.chess.com"]

[Event "Titled Tuesday Blitz May 03 Early 2022"]
[White "Vifleemskaia, Svetlana"]
[Black "Turutin, Alexander"]
[WhiteFideId "4129490"]
[BlackFideId "4180623"]
[WhiteElo "1901"]
[BlackElo "2402"]
[Result "1-0"]
[Round "01"]
[TimeControl "180+1"]
[Date "2022.05.03"]
[WhiteClock "0:00:38"]
[BlackClock "0:00:19"]

1. d4 Nf6 2. c4 e6 3. Nc3 Bb4 4. e3 O-O 5. Ne2 c5 6. d5 exd5 7. cxd5 d6 8. a3 Ba5 9. g3 b6 10. Bg2 Ba6 11. O-O Bxc3 12. bxc3 Bc4 13. e4 Re8 14. f3 Nbd7 15. Re1 b5 16. Bf4 Ne5 17. Bxe5 Rxe5 18. Nf4 Qa5 19. Qc2 Rae8 20. Reb1 Nd7 21. a4 Qc7 22. axb5 Nb6 23. Bf1 Bxf1 24. Rxf1 c4 25. Qf2 Qd7 26. Ra5 f5 27. Ne6 h6 28. Qd4 Qe7 29. Rfa1 fxe4 30. Rxa7 Qf6 31. f4 R5xe6 32. dxe6 Qxd4+ 33. cxd4 Rxe6 34. Rc7 e3 35. Kf1 d5 36. Rc6 e2+ 37. Ke1 1-0


[Site "https://www.chess.com"]

[Event "Titled Tuesday Blitz May 03 Early 2022"]
[White "Visakh N R"]
[Black "Jaskolka, Tomasz"]
[WhiteFideId "25012223"]
[BlackFideId "1170791"]
[WhiteElo "2796"]
[BlackElo "2458"]
[Result "1-0"]
[Round "01"]
[TimeControl "180+1"]
[Date "2022.05.03"]
[WhiteClock "0:00:07"]
[BlackClock "0:00:03"]

1. e4 c5 2. Nf3 e6 3. Nc3 Nc6 4. d4 cxd4 5. Nxd4 Qc7 6. Nb3 a6 7. Bd3 Nf6 8. O-O Be7 9. f4 d6 10. Kh1 b5 11. a3 Bb7 12. Qe1 b4 13. axb4 Nxb4 14. Qg3 O-O 15. Na5 Nxd3 16. cxd3 Rfd8 17. Bd2 Rab8 18. Rfc1 Qb6 19. Nc4 Qc7 20. e5 Ne8 21. Na4 dxe5 22. Ba5 Qd7 23. Nxe5 Qd5 24. Nc3 Qd4 25. Ra4 Qc5 26. Bxd8 Rxd8 27. Rc4 Qa5 28. Ne4 Nf6 29. Nc6 Bxc6 30. Rxc6 Nxe4 31. dxe4 Qb5 32. Qf2 g6 33. e5 Kg7 34. h3 Rd3 35. Rc7 Bd8 36. R7c3 Bb6 37. Qf1 Rxc3 38. bxc3 Qc5 39. Qxa6 Qe3 40. Qf1 h5 41. c4 Bc5 42. Re1 Qd4 43. Kh2 h4 44. Rd1 Qe4 45. Qf3 Qxc4 46. Rd7 Bb4 47. Rd1 Bc5 48. Kh1 Bb6 49. Qg4 Bc5 50. Qxh4 Qe2 51. Qf6+ Kh6 52. Qg5+ Kg7 53. Qf6+ Kh6 54. Qh4+ Kg7 55. Qe1 Qh5 56. Qf1 Be3 57. Qf3 Qxf3 58. gxf3 Bxf4 59. Re1 g5 60. Kg2 Kg6 61. Re4 Kf5 62. Ra4 Bxe5 63. Ra7 f6 64. Ra5 Kg6 65. Kf2 Bf4 66. Ke2 e5 67. Kd3 Kf5 68. Ra8 Bg3 69. Rf8 Bf4 70. Kc4 Bg3 71. Kd5 Bh4 72. Kd6 e4 73. fxe4+ Kxe4 74. Rxf6 g4 75. Re6+ Kf5 76. hxg4+ Kxg4 77. Ke5 Bg3+ 78. Ke4 Kh3 79. Kf3 Kh4 80. Re4+ Kh3 81. Re7 Be1 82. Rxe1 Kh2 83. Rd1 Kh3 84. Rh1# 1-0


[Site "https://www.chess.com"]

[Event "Titled Tuesday Blitz May 03 Early 2022"]
[White "Vlassov, Nikolai"]
[Black "Araujo Filho, Luiz Antonio Coel"]
[WhiteFideId "4103360"]
[BlackFideId "2130661"]
[WhiteElo "2407"]
[BlackElo "2317"]
[Result "1-0"]
[Round "01"]
[TimeControl "180+1"]
[Date "2022.05.03"]
[WhiteClock "0:01:28"]
[BlackClock "0:01:54"]

1. e4 c6 2. d4 d5 3. e5 Bf5 4. Nc3 e6 5. g4 Bg6 6. Nge2 Nd7 7. Be3 Ne7 8. Bg2 c5 9. f4 Nc6 10. O-O h5 11. f5 Bh7 12. fxe6 fxe6 13. Nf4 Qe7 14. Ncxd5 exd5 15. Nxd5 Qd8 16. Qf3 Bg8 17. Qe4 Qh4 18. Qg6+ Kd8 19. Bg5+ 1-0


[Site "https://www.chess.com"]

[Event "Titled Tuesday Blitz May 03 Early 2022"]
[White "Vokarev, Sergey"]
[Black "Petrova, Irina"]
[WhiteFideId "4119711"]
[BlackFideId "14124122"]
[WhiteElo "2343"]
[BlackElo "1993"]
[Result "1-0"]
[Round "01"]
[TimeControl "180+1"]
[Date "2022.05.03"]
[WhiteClock "0:01:41"]
[BlackClock "0:00:32"]

1. e4 c5 2. Nf3 Nc6 3. d4 cxd4 4. Nxd4 Nf6 5. Nc3 e5 6. Ndb5 d6 7. Bg5 a6 8. Na3 b5 9. Nd5 Be7 10. Bxf6 Bxf6 11. c4 b4 12. Nc2 Rb8 13. b3 O-O 14. g3 g6 15. h4 Bg7 16. h5 Be6 17. hxg6 fxg6 18. Bh3 Bf7 19. Qd3 a5 20. Rd1 Nd4 21. Nxd4 exd4 22. O-O Bxd5 23. exd5 Qg5 24. Be6+ Kh8 25. Kg2 Rf6 26. f4 Qh6 27. Rh1 g5 28. Rxh6 Bxh6 29. fxg5 Bxg5 30. Rh1 h6 31. Rf1 Rbf8 32. Qxd4 Kh7 33. Rxf6 Rxf6 34. Qa7+ Kg6 35. Qxa5 1-0


[Site "https://www.chess.com"]

[Event "Titled Tuesday Blitz May 03 Early 2022"]
[White "Vusatiuk, Vladimir"]
[Black "Lazavik, Denis"]
[WhiteFideId "14118610"]
[BlackFideId "13515110"]
[WhiteElo "2157"]
[BlackElo "2437"]
[Result "0-1"]
[Round "01"]
[TimeControl "180+1"]
[Date "2022.05.03"]
[WhiteClock "0:00:29"]
[BlackClock "0:00:32"]

1. d4 Nf6 2. c4 e6 3. Nc3 Bb4 4. e3 O-O 5. Bd2 d5 6. Nf3 b6 7. cxd5 exd5 8. Rc1 Re8 9. Bd3 Ba6 10. Bxa6 Nxa6 11. Qa4 Qc8 12. O-O Qb7 13. Ne5 c5 14. a3 Bxc3 15. Bxc3 c4 16. Qc2 b5 17. f3 Nc7 18. e4 a5 19. Qd2 dxe4 20. Bxa5 e3 21. Qe1 Ncd5 22. Rc2 Nd7 23. Bc3 f6 24. Nxd7 Qxd7 25. Re2 Re7 26. Qc1 Rae8 27. Rfe1 f5 28. f4 Nxf4 29. Rxe3 Rxe3 30. Rxe3 Ne2+ 31. Rxe2 Rxe2 32. Qf4 h6 33. h4 Qd5 34. Qg3 Re4 35. Kh2 Rg4 36. Qf2 f4 37. Bd2 Qh5 38. Kh3 Rg3+ 39. Kh2 Qxh4+ 40. Kg1 f3 41. Be1 fxg2 42. Qxg2 Rxg2+ 43. Kxg2 Qxe1 0-1


[Site "https://www.chess.com"]

[Event "Titled Tuesday Blitz May 03 Early 2022"]
[White "Williams, Simon K"]
[Black "Pham, Tran Gia Phuc"]
[WhiteFideId "404454"]
[BlackFideId "12415669"]
[WhiteElo "2468"]
[BlackElo "1789"]
[Result "1-0"]
[Round "01"]
[TimeControl "180+1"]
[Date "2022.05.03"]
[WhiteClock "0:00:04"]
[BlackClock "0:00:01"]

1. d4 Nf6 2. Bg5 c5 3. d5 Qb6 4. Nc3 d6 5. e4 Nbd7 6. Rb1 h6 7. Bh4 g5 8. Bg3 Bg7 9. Be2 Qa5 10. Qd2 a6 11. a4 b5 12. axb5 axb5 13. Bxb5 O-O 14. Bc6 Rb8 15. Nge2 Qb4 16. f3 Nh5 17. Bxd7 Bxd7 18. Bf2 g4 19. O-O gxf3 20. gxf3 Kh7 21. Kh1 Rg8 22. Rg1 Bf6 23. Ng3 Bg5 24. Be3 Nf6 25. Bxg5 Rxg5 26. Nge2 Rbg8 27. Rxg5 Rxg5 28. b3 c4 29. Qd4 Bh3 30. Nf4 Bd7 31. Qxc4 Qb6 32. Qe2 Qd4 33. Na2 Qa7 34. Nb4 Qc5 35. Nbd3 Qd4 36. Qf2 Qc3 37. Rg1 Rxg1+ 38. Kxg1 Bb5 39. h4 Qa1+ 40. Kh2 Qc3 41. h5 Bxd3 42. Nxd3 Nxh5 43. f4 Nf6 44. Qe2 Qd4 45. Nf2 h5 46. Kg3 Kg6 47. Qd3 h4+ 48. Kf3 Qxd3+ 49. cxd3 Nd7 50. b4 Nb6 51. Kg4 Na4 52. Kxh4 Nc3 53. Kg4 Nb5 54. Kf3 Nd4+ 55. Ke3 Nc2+ 56. Kd2 Nxb4 57. Kc3 Na6 58. Kc4 Nc7 59. d4 e6 60. dxe6 fxe6 61. Kd3 d5 62. e5 Kf5 63. Ke3 Ne8 64. Kf3 Ng7 65. Nh1 Kg6 66. Ng3 Ne8 67. Kg4 Ng7 68. Kh4 Ne8 69. Kh3 Ng7 70. Kg4 Ne8 71. f5+ exf5+ 72. Nxf5 Nc7 73. Kf4 Ne6+ 74. Kg4 Nc7 75. Ne3 Ne6 76. Nc2 Nc7 77. Kf4 Ne6+ 78. Ke3 Kf5 79. Nb4 Nc7 80. Kd3 Kf4 81. Nc6 Kf5 82. Ne7+ Ke6 83. Ng6 Ne8 84. Nf4+ Kf5 85. Nxd5 Ng7 86. Ne3+ Ke6 87. Ke4 Nh5 88. d5+ Ke7 89. Nf5+ Ke8 90. d6 Kd7 91. Ne3 Ng7 92. Kd5 Ne6 93. Nf5 Nf4+ 94. Ke4 Ng6 95. Nd4 Nf8 96. Kd5 Ng6 97. e6+ Ke8 98. Nf5 Nf4+ 99. Ke5 Nd3+ 100. Kf6 Nc5 101. Ng7+ Kd8 102. e7+ Kd7 103. e8=Q+ Kxd6 104. Qd8+ Kc6 105. Nf5 Nd7+ 106. Ke7 Nc5 107. Qd6+ Kb5 108. Qd5 Kb4 109. Nd6 Nb3 110. Qc4+ Ka3 111. Ke6 Kb2 112. Kd5 Nd2 113. Qd3 Kc1 114. Kd4 Nb1 115. Qe2 Nd2 116. Kd3 1-0


[Site "https://www.chess.com"]

[Event "Titled Tuesday Blitz May 03 Early 2022"]
[White "Winkels, Marcel"]
[Black "Coto Mederos, Michel"]
[WhiteFideId "1003887"]
[BlackFideId "3508528"]
[WhiteElo "1900"]
[BlackElo "2427"]
[Result "0-1"]
[Round "01"]
[TimeControl "180+1"]
[Date "2022.05.03"]
[WhiteClock "0:00:18"]
[BlackClock "0:00:29"]

1. e4 d5 2. exd5 Qxd5 3. Nc3 Qa5 4. d4 Nf6 5. Bd2 c6 6. Bc4 Bf5 7. Nd5 Qd8 8. Nxf6+ exf6 9. Nf3 Bd6 10. h3 O-O 11. O-O Nd7 12. Nh4 Bg6 13. Nxg6 hxg6 14. c3 Rc8 15. Qc2 c5 16. dxc5 Rxc5 17. Bb3 f5 18. Rad1 Bb8 19. Be3 Rc8 20. Rd2 Qc7 21. g3 Ne5 22. Bd5 Rfd8 23. Bg2 Nc4 24. Rxd8+ Qxd8 25. Rd1 Qe7 26. Bd4 f4 27. g4 b6 28. b3 Nd6 29. Qd2 Nb5 30. c4 Nc7 31. Bb2 Ne6 32. Bd5 f3 33. Re1 Qh4 34. Bxf3 Qxh3 35. Qc3 Bh2+ 36. Kh1 Bg3+ 37. Kg1 Qh2+ 38. Kf1 Qxf2# 0-1


[Site "https://www.chess.com"]

[Event "Titled Tuesday Blitz May 03 Early 2022"]
[White "Wong, Yinn Long"]
[Black "Chernomordik, Pavel"]
[WhiteFideId "5707684"]
[BlackFideId "2804530"]
[WhiteElo "2816"]
[BlackElo "2474"]
[Result "1/2-1/2"]
[Round "01"]
[TimeControl "180+1"]
[Date "2022.05.03"]
[WhiteClock "0:00:19"]
[BlackClock "0:00:06"]

1. e4 g6 2. d4 Bg7 3. Nc3 d6 4. Nf3 a6 5. a4 b6 6. Be2 Bb7 7. O-O e6 8. Be3 Nd7 9. h3 Ne7 10. Qd2 h6 11. Rfe1 g5 12. Rad1 Ng6 13. d5 e5 14. Nh2 Nc5 15. b4 Nd7 16. a5 b5 17. Nf1 Nf6 18. Ng3 Bc8 19. Nh5 Nxh5 20. Bxh5 Nf4 21. Bxf4 exf4 22. Ne2 O-O 23. Nd4 Qf6 24. Nc6 Bd7 25. e5 dxe5 26. Nxe5 Rad8 27. Nxd7 Rxd7 28. Qd3 Rfd8 29. Qe4 Kf8 30. Bf3 Re7 31. Qd3 Rxe1+ 32. Rxe1 Re8 33. Rxe8+ Kxe8 34. c4 bxc4 35. Qxc4 Qd4 36. Qxc7 Be5 37. Qc6+ Ke7 38. Qxa6 Qxb4 39. Qa7+ Kf8 40. Bh5 Qe1+ 41. Kh2 f3+ 42. g3 Bc7 43. Bxf3 Qxa5 44. Qd4 Qb6 45. Qh8+ Ke7 46. Kg2 Qf6 47. Qc8 Bb6 48. Qb7+ Kf8 49. Qa8+ Kg7 50. Qa6 Qd4 51. Qe2 Bc5 52. Be4 f5 53. Bf3 Kf8 54. Qc2 Ke7 55. Qe2+ Kf8 56. Kf1 Qa1+ 57. Qd1 Qxd1+ 58. Bxd1 Ke7 59. Bc2 Kf6 60. Ke2 Ke5 61. Bb3 Bb6 62. Kf3 h5 63. Bc4 g4+ 64. hxg4 hxg4+ 65. Ke2 Bc5 66. Bb3 Bb6 67. Ba2 Bc5 68. f3 gxf3+ 69. Kxf3 Bd6 70. Bc4 Kf6 71. Bd3 Kg5 72. Be2 Be5 73. Kg2 Bd6 74. Bf3 Kf6 75. Kf2 Bc5+ 76. Ke2 Bd6 77. Kf2 Bc5+ 78. Kg2 Bd6 79. Kh3 Kg5 80. Be2 Be5 81. Bd3 Bd6 82. Bc2 Be5 83. Ba4 Bd6 84. Bd7 Be5 85. Be6 Bd6 86. Kg2 Be5 87. Kf3 Bd6 88. g4 fxg4+ 89. Bxg4 Kf6 90. Be6 Ke5 91. Kg4 Bc5 1/2-1/2


[Site "https://www.chess.com"]

[Event "Titled Tuesday Blitz May 03 Early 2022"]
[White "Xu, Yi"]
[Black "Eynullayev, Atilla"]
[WhiteFideId "8605564"]
[BlackFideId "13413570"]
[WhiteElo "2471"]
[BlackElo "1936"]
[Result "1-0"]
[Round "01"]
[TimeControl "180+1"]
[Date "2022.05.03"]
[WhiteClock "0:02:00"]
[BlackClock "0:01:34"]

1. e4 c6 2. d4 d5 3. e5 Bf5 4. h4 h5 5. Bd3 Bxd3 6. Qxd3 Qa5+ 7. Nd2 e6 8. Ne2 Qa6 9. c4 Ne7 10. O-O c5 11. Nc3 dxc4 12. Nxc4 Nf5 13. d5 Nd7 14. Bg5 b5 15. dxe6 fxe6 16. Nxb5 1-0


[Site "https://www.chess.com"]

[Event "Titled Tuesday Blitz May 03 Early 2022"]
[White "Yilmaz, Mustafa"]
[Black "Bettalli, Francesco"]
[WhiteFideId "6302718"]
[BlackFideId "2816453"]
[WhiteElo "2568"]
[BlackElo "2216"]
[Result "1-0"]
[Round "01"]
[TimeControl "180+1"]
[Date "2022.05.03"]
[WhiteClock "0:01:50"]
[BlackClock "0:02:17"]

1. Nf3 c5 2. g3 g6 3. Bg2 Bg7 4. O-O Nc6 5. e4 e6 6. c3 Nge7 7. d4 cxd4 8. cxd4 d5 9. e5 O-O 10. Na3 f6 11. exf6 Bxf6 12. Nc2 Nf5 13. Qd3 b6 14. Re1 Re8 15. Bf4 a5 16. Ne5 Nxe5 17. Bxe5 Ba6 18. Qd2 Nd6 19. Bxf6 Qxf6 20. Ne3 Rad8 21. Ng4 Qf5 22. Nh6+ 1-0


[Site "https://www.chess.com"]

[Event "Titled Tuesday Blitz May 03 Early 2022"]
[White "Zainullina, Nataliya"]
[Black "Aaditya Dhingra"]
[WhiteFideId "4145488"]
[BlackFideId "25678191"]
[WhiteElo "2047"]
[BlackElo "1849"]
[Result "0-1"]
[Round "01"]
[TimeControl "180+1"]
[Date "2022.05.03"]
[WhiteClock "0:00:17"]
[BlackClock "0:00:29"]

1. Nf3 c5 2. c4 Nf6 3. Nc3 g6 4. e3 Bg7 5. d4 O-O 6. Be2 cxd4 7. exd4 d5 8. cxd5 Nxd5 9. O-O Nc6 10. Qb3 Be6 11. Qxb7 Na5 12. Qa6 Nb4 13. Qb5 Nc2 14. Rb1 Rb8 15. Qa4 Bf5 16. g4 Rb4 17. Qxb4 Nxb4 18. gxf5 gxf5 19. Be3 Nd5 20. Bg5 h6 21. Bd2 Nc6 22. Rfd1 e6 23. Bc4 Nce7 24. Be1 Qa8 25. Bd2 Nxc3 26. Bxc3 Qxf3 27. Rd3 Qc6 28. Bb3 Nd5 29. Rg3 Kh7 30. Re1 f4 31. Rg4 f5 32. Rg2 Bf6 33. a3 f3 34. Rg3 Bh4 35. Bxd5 Qxd5 36. Re5 Bxg3 37. Rxd5 exd5 38. hxg3 Re8 39. Kf1 Kg6 40. Bd2 h5 41. Be3 h4 42. gxh4 Kh5 43. Ke1 f4 44. Kd2 fxe3+ 45. fxe3 Kxh4 46. Kd3 f2 47. Ke2 Kg3 48. Kf1 Rc8 49. b4 Rc1+ 50. Ke2 f1=Q+ 51. Kd2 Qd1# 0-1


[Site "https://www.chess.com"]

[Event "Titled Tuesday Blitz May 03 Early 2022"]
[White "Zemlyanskii, Ivan"]
[Black "Dilmukhametov, Artur"]
[WhiteFideId "24249971"]
[BlackFideId "24179922"]
[WhiteElo "1759"]
[BlackElo "2244"]
[Result "1-0"]
[Round "01"]
[TimeControl "180+1"]
[Date "2022.05.03"]
[WhiteClock "0:00:33"]
[BlackClock "0:00:07"]

1. d4 Nf6 2. c4 g6 3. Nc3 Bg7 4. e4 d6 5. Nf3 O-O 6. Be2 Nbd7 7. O-O e5 8. Qc2 Ne8 9. Rd1 f5 10. Bg5 Bf6 11. Bxf6 Rxf6 12. dxe5 dxe5 13. Nxe5 Rd6 14. Nxd7 Qxd7 15. c5 Rxd1+ 16. Rxd1 Qe7 17. exf5 Bxf5 18. Qb3+ Kh8 19. Qxb7 Rd8 20. Qb3 Rxd1+ 21. Qxd1 Ng7 22. Qd4 c6 23. h3 Bc8 24. Bf3 Bb7 25. Ne4 h6 26. Nd6 Ba8 27. b4 Kg8 28. b5 Ne6 29. Qe5 h5 30. bxc6 Bxc6 31. Bxc6 Kf8 32. Qh8# 1-0


[Site "https://www.chess.com"]

[Event "Titled Tuesday Blitz May 03 Early 2022"]
[White "Zhu, Jiner"]
[Black "Warchol, Kamil"]
[WhiteFideId "8608059"]
[BlackFideId "21858241"]
[WhiteElo "2281"]
[BlackElo "1910"]
[Result "1/2-1/2"]
[Round "01"]
[TimeControl "180+1"]
[Date "2022.05.03"]
[WhiteClock "0:00:16"]
[BlackClock "0:00:44"]

1. e4 c5 2. Nf3 e6 3. d4 cxd4 4. Nxd4 a6 5. Bd3 Nc6 6. Nxc6 dxc6 7. O-O e5 8. a4 Nf6 9. Nd2 Be7 10. Nc4 Nd7 11. a5 O-O 12. Be3 Qc7 13. c3 Nc5 14. Bc2 Be6 15. Qe2 Rad8 16. b4 Nd7 17. Nb6 Nf6 18. Na4 Nd7 19. Rfd1 c5 20. Rac1 Qb8 21. f3 cxb4 22. cxb4 Bxb4 23. Nb6 Bxa5 24. Nd5 Bxd5 25. Rxd5 Bb6 26. Rb1 Bxe3+ 27. Qxe3 Nf6 28. Rxd8 Rxd8 29. Qb6 Qc8 30. Ba4 h6 31. Qxb7 Qxb7 32. Rxb7 Rd4 33. Bb3 Rd7 34. Rb8+ Kh7 35. Ra8 Rb7 1/2-1/2


[Site "https://www.chess.com"]

[Event "Titled Tuesday Blitz May 03 Early 2022"]
[White "Zlatin, Alexander"]
[Black "Lorparizangeneh, Shahin"]
[WhiteFideId "2810549"]
[BlackFideId "12521604"]
[WhiteElo "2469"]
[BlackElo "2807"]
[Result "0-1"]
[Round "01"]
[TimeControl "180+1"]
[Date "2022.05.03"]
[WhiteClock "0:00:05"]
[BlackClock "0:00:41"]

1. d4 d6 2. Nc3 g6 3. e4 Bg7 4. Bf4 e5 5. dxe5 dxe5 6. Qxd8+ Kxd8 7. Bg5+ f6 8. O-O-O+ Nd7 9. Be3 Bh6 10. Bxh6 Nxh6 11. h3 c6 12. Nf3 Kc7 13. g4 Nf7 14. Bc4 Nd6 15. Bb3 Nc5 16. Rhe1 a5 17. a3 h5 18. g5 Bxh3 19. gxf6 Bg4 20. Re3 Rhf8 21. Rde1 Rae8 22. Ba2 Rxf6 23. Ng5 Rxf2 24. b4 axb4 25. axb4 Na6 26. b5 Nb4 27. Bb3 Nxb5 28. Nxb5+ cxb5 29. Rc3+ Kb6 30. Nf7 Nc6 31. Bd5 Nd4 32. Kb2 Re7 33. Nd6 Rc7 34. Rxc7 Kxc7 35. Nf7 Rxc2+ 36. Ka3 Kb6 37. Nxe5 Ka5 38. Rb1 h4 39. Rb2 Rxb2 40. Kxb2 Be2 41. Nxg6 h3 42. e5 h2 43. Nf4 Bf3 44. e6 Bxd5 45. e7 Bc6 46. e8=Q Bxe8 47. Nd3 h1=Q 48. Kc3 Nc6 49. Kb2 Qf1 50. Kc3 Bg6 51. Kb2 Qxd3 52. Ka1 Qb1# 0-1


[Site "https://www.chess.com"]